 Dungeon Crawl Stone Soup version 0.18.1-47-g9310371 (console) character file.

137 Kloppie the Poker (level 5, -2/41 HPs)
             Began as a Merfolk Gladiator on June 14, 2016.
             Succumbed to a gnoll's poison
             ... on level 2 of the Dungeon.
             The game lasted 00:02:41 (1518 turns).

Kloppie the Poker (Merfolk Gladiator)               Turns: 1518, Time: 00:02:42

Health: -2/41      AC:  8    Str: 15    XL:     5   Next: 20%
Magic:  5/5        EV: 11    Int:  8    God:
Gold:   116        SH:  0    Dex: 15    Spells: 0 memorised, 4 levels left

rFire  . . .     SeeInvis .     a - +0 trident
rCold  . . .     Gourm    .     m - +0 scale mail
rNeg   . . .     Faith    .     (no shield)
rPois  .         Spirit   .     c - +0 helmet
rElec  .         Dismiss  .     u - +0 cloak
rCorr  .         Reflect  .     (no gloves)
SustAt .         Harm     .     (no boots)
MR     .....                    (no amulet)
Stlth  ..........               (no ring)
                                (no ring)

@: lethally poisoned (-2 -> -24), not resistant to hostile enchantments,
extremely unstealthy
A: change form in water, swift swim
a: no special abilities


You were on level 2 of the Dungeon.
You were not hungry.

You visited 1 branch of the dungeon, and saw 3 of its levels.

You collected 116 gold pieces.

Inventory:

Hand Weapons
 a - a +0 trident (weapon)
Missiles
 d - 3 throwing nets (quivered)
Armour
 c - a +0 helmet (worn)
 m - a +0 scale mail (worn)
 u - a +0 cloak (worn)
Jewellery
 p - an uncursed amulet of dismissal
Scrolls
 b - 5 scrolls of identify {unknown}
 e - 2 scrolls of teleportation {unknown}
 j - a scroll of blinking {unknown}
 k - 2 scrolls of fear {unknown}
 l - a scroll of remove curse {unknown}
 n - a scroll of noise {unknown}
 q - a scroll of recharging {unknown}
 w - a scroll of enchant armour {unknown}
Potions
 i - 2 potions of berserk rage {unknown}
 o - 2 potions of curing {unknown}
 r - a potion of ambrosia {unknown}
 s - a potion of brilliance {unknown}
 v - a potion of mutation {unknown}
Comestibles
 f - a bread ration
 h - a beef jerky
 t - a royal jelly


   Skills:
 + Level 3.5 Fighting
 * Level 6.6 Polearms
 - Level 2.0 Throwing
 + Level 5.0 Dodging


You had 4 spell levels left.
You didn't know any spells.

Dungeon Overview and Level Annotations

Branches:
Dungeon (3/15)

Altars:


Message History

A goblin comes into view.
* * * LOW HITPOINT WARNING * * *
You feel sick.
The goblin shouts!
The gnoll hits you from afar with a spear.
* * * LOW HITPOINT WARNING * * *
The adder bites you.
* * * LOW HITPOINT WARNING * * *
A bat comes into view.
* * * LOW HITPOINT WARNING * * *
You feel sick. The gnoll hits you but does no damage.
There is a stone staircase leading up, spattered with blood here.
* * * LOW HITPOINT WARNING * * *
You feel sick. The bat hits you.
* * * LOW HITPOINT WARNING * * *
The gnoll hits you with a spear.
* * * LOW HITPOINT WARNING * * *
The kobold hits you but does no damage.
You climb upwards.
You die...

#######..........####.###.#
#.#####.......#.....## #.#
###..##.##...#.##
#.#######.........###.#
#..............#[..#..#
#########..#.....#..#.#
######### ##..##.##...##.#
........######..g.#.###.###.#
.######.........@.......# #.#
.# ###........K..##..# #.# .#
#.######..####..# #.# .# #.#
#..####..# #.# .# #.#
#........# #.# ## ####.####
#..####.####.# # #.......#
#......#.....# #
#.......####.#.##.####.#
######......................#


You could see a gnoll and a kobold.

Vanquished Creatures
  Terence (D:2)
  A gnoll (D:1)
  4 adders
  2 oozes
  4 dart slugs
  7 bats
  3 giant cockroaches
  5 goblins
  6 hobgoblins
  2 jackals
  12 kobolds
  A ball python (D:2)
  A giant newt (D:2)
  6 rats
55 creatures vanquished.

Notes
Turn   | Place    | Note
--------------------------------------------------------------
     0 | D:1      | Kloppie the Merfolk Gladiator began the quest for the Orb.
     0 | D:1      | Reached XP level 1. HP: 16/16 MP: 1/1
    96 | D:1      | Reached XP level 2. HP: 23/23 MP: 2/2
   269 | D:1      | Reached skill level 5 in Polearms
   366 | D:1      | Reached XP level 3. HP: 28/28 MP: 3/3
   897 | D:2      | Noticed Terence
   908 | D:2      | Killed Terence
   908 | D:2      | Reached skill level 6 in Polearms
   908 | D:2      | Reached XP level 4. HP: 31/35 MP: 4/4
  1433 | D:3      | Reached XP level 5. HP: 41/41 MP: 5/5
  1494 | D:3      | Reached skill level 5 in Dodging
  1517 | D:3      | HP: 2/41 [bat (1)]
  1518 | D:2      | Succumbed to a gnoll's poison

Skill      XL: |  1  2  3  4  5 |
---------------+----------------+-----
Polearms       | 5 6 |  6.6
Fighting       | 3 |  3.5
Dodging        | 5 |  5.0
Throwing       | |  2.0

Action                   |  1- 3 |  4- 6 || total
-------------------------+-------+-------++-------
Melee: Trident           |    80 |    86 ||   166
Throw: Throwing net      |     2 |     3 ||     5
 Stab: Held in net/web   |     1 |       ||     1
       Sleeping          |     1 |       ||     1
  Eat: Chunk             |       |     2 ||     2
Armor: Leather armour    |     2 |       ||     2
       Scale mail        |    17 |    44 ||    61
Dodge: Dodged            |    27 |    61 ||    88
